 Dungeon Crawl Stone Soup version 0.23.2-1-ga50397a6bc (webtiles) character file.

Game seed: 2958004013695811239

63 Kinoniko the Poker (level 4, -1/34 HPs)
             Began as a Merfolk Gladiator on May 3, 2019.
             Slain by a hippogriff (2 damage)
             ... on level 3 of the Dungeon.
             The game lasted 00:03:24 (1406 turns).

Kinoniko the Poker (Merfolk Gladiator)              Turns: 1406, Time: 00:03:25

Health: -1/34      AC:  9    Str: 19    XL:     4   Next: 10%
Magic:  4/4        EV: 12    Int:  7    God:
Gold:   61         SH: 10    Dex: 20    Spells: 3/3 levels left

rFire    . . .     SeeInvis .   a - +0 trident
rCold    + . .     Gourm    .   e - +2 shield {reflect}
rNeg     . . .     Faith    .   h - +0 chain mail
rPois    .         Spirit   .   c - +0 helmet
rElec    .         Reflect  +   (no cloak)
rCorr    .         Harm     .   (no gloves)
MR       .....                  (no boots)
Stlth    ..........             (no amulet)
HPRegen  0.11/turn              g - ring of protection from cold
MPRegen  0.09/turn              j - +4 ring of strength

@: agile, flying
A: change form in water, swift swim, stealthy swim
a: no special abilities


You were on level 3 of the Dungeon.
You were not hungry.

You visited 1 branch of the dungeon, and saw 3 of its levels.

You collected 61 gold pieces.

Inventory:

Hand Weapons
 a - a +0 trident (weapon)
Missiles
 d - 3 throwing nets (quivered)
Armour
 b - a +0 leather armour
 c - a +0 helmet (worn)
 e - a +2 shield of reflection (worn)
 h - a +0 chain mail (worn)
 l - a +0 ring mail
 o - a +2 shield
Jewellery
 g - a ring of protection from cold (left hand)
 j - a +4 ring of strength (right hand)
Comestibles
 f - 4 rations
 m - 5 chunks of flesh


   Skills:
 * Level 2.5 Fighting
 * Level 5.4 Polearms
 - Level 2.0 Throwing
 * Level 0.6 Armour
 * Level 4.7 Dodging
 * Level 1.0 Shields


You had 3 spell levels left.
You didn't know any spells.
Your spell library was empty.

Dungeon Overview and Level Annotations

Branches:
Dungeon (3/15)

Altars:
Sif Muna


Message History

* * * LOW HITPOINT WARNING * * *
The hippogriff pecks you but does no damage.
You block the hippogriff's attack.
You barely miss the hippogriff.
The hippogriff is severely wounded.
You block the frilled lizard's attack.
The hippogriff bites you but does no damage.
The hippogriff pecks you.
* * * LOW HITPOINT WARNING * * *
You block the hippogriff's attack.
You aren't carrying any potions.
You aren't carrying any scrolls.
Your shield and chain mail prevent you from hitting the hippogriff.
The hippogriff is severely wounded.
You block the frilled lizard's attack.
The hippogriff bites you but does no damage.
The hippogriff pecks you.
* * * LOW HITPOINT WARNING * * *
The hippogriff claws you.
You die...

#.###...########....####
..#.........<..#####
.........######......#
...#...#.....#######...
...###.....#...... .
..............#
..####...รท####..
.#..)....###
#.....#.<@Hl###
#.......l##...##...
####..#............
..................
##.#..#...........
#.##......###.... #.
#....... .#.. ..........
..# ............ #


You could see a hippogriff, a leopard gecko and a frilled lizard.

Vanquished Creatures
  A worm (D:2)
  4 dart slugs
  A leopard gecko (D:1)
  2 ball pythons
  5 bats
  2 giant cockroaches (D:1)
  3 goblins (D:1)
  5 hobgoblins
  6 jackals
  12 kobolds
  A frilled lizard (D:2)
  5 rats
47 creatures vanquished.

Notes
Turn   | Place    | Note
-------+----------+-------------------------------------------
     0 | D:1      | Kinoniko the Merfolk Gladiator began the quest for the Orb.
     0 | D:1      | Reached XP level 1. HP: 16/16 MP: 1/1
   183 | D:1      | Reached XP level 2. HP: 22/22 MP: 2/2
   352 | D:1      | Reached skill level 5 in Polearms
   352 | D:1      | Reached XP level 3. HP: 22/28 MP: 3/3
  1100 | D:2      | Found a deep blue altar of Sif Muna.
  1334 | D:3      | Reached XP level 4. HP: 34/34 MP: 4/4
  1364 | D:3      | Reached skill level 1 in Shields
  1377 | D:3      | Noticed a hippogriff
  1406 | D:3      | HP: 1/34 [hippogriff (4)]
  1406 | D:3      | Slain by a hippogriff

Skill      XL: |  1  2  3  4 |
---------------+-------------+-----
Polearms       | 5 |  5.4
Shields        | 1 |  1.0
Fighting       | |  2.5
Throwing       | |  2.0
Armour         | |  0.6
Dodging        | |  4.7

Action                   |  1- 3 |  4- 6 || total
-------------------------+-------+-------++-------
Melee: Trident           |   124 |    37 ||   161
  Use: Scroll            |     2 |       ||     2
       Potion            |       |     3 ||     3
 Stab: Sleeping          |     2 |       ||     2
  Eat: Ration            |     1 |       ||     1
Armor: Leather armour    |    18 |       ||    18
       Ring mail         |     4 |       ||     4
       Chain mail        |       |    38 ||    38
Dodge: Dodged            |    44 |    17 ||    61
Block: Shield            |    41 |    26 ||    67
       Reflection        |     3 |       ||     3
